 Dungeon Crawl Stone Soup version 0.26.0-57-g60708a5e39 (webtiles) character file.

Game seed: 701274082697280153

191 Gadfly the Cudgeller (level 5, 0/50 HPs)
             Began as an Ogre Gladiator on Feb 2, 2021.
             Was an Initiate of Okawaru.
             Killed by divine providence
             ... invoked by an orc priest
              (13 damage)
             ... on level 2 of the Dungeon.
             The game lasted 00:04:21 (2908 turns).

Gadfly the Cudgeller (Ogre Gladiator)               Turns: 2908, Time: 00:04:21

Health: 0/50       AC:  7    Str: 19    XL:     5   Next: 70%
Magic:  6/6        EV: 10    Int:  9    God:    Okawaru [......]
Gold:   137        SH:  0    Dex: 10    Spells: 4/4 levels left

rFire    . . .     SeeInvis .   a - +0 flail
rCold    . . .     Faith    .   (no shield)
rNeg     . . .     Spirit   .   b - +0 robe
rPois    .         Reflect  .   c - +0 hat
rElec    .         Harm     .   (no cloak)
rCorr    .         Rampage  .   (gloves unavailable)
Will     .....                  (boots unavailable)
Stlth    ..........             (no amulet)
HPRegen  0.16/turn              l - ring of attention (curse)
MPRegen  0.10/turn              m - +4 ring of protection

@: no status effects
A: large, unfitting armour, tough skin 1
a: Renounce Religion


You were on level 2 of the Dungeon.
You worshipped Okawaru.
Okawaru was noncommittal.
You visited 1 branch of the dungeon, and saw 4 of its levels.

You collected 137 gold pieces.

Inventory:

Hand Weapons
 a - a +0 flail (weapon)
Missiles
 d - 3 throwing nets
 k - 4 boomerangs (quivered)
Armour
 b - a +0 robe (worn)
 c - a +0 hat (worn)
Jewellery
 l - a cursed ring of attention (left hand)
 m - a +4 ring of protection (right hand)
Wands
 n - a wand of paralysis (8)
Scrolls
 g - 2 scrolls of remove curse
 h - 2 scrolls of identify
 j - 2 scrolls of teleportation
 o - a scroll of magic mapping
Potions
 f - a potion of curing
 i - a potion of attraction


   Skills:
 - Level 2.6 Fighting
 + Level 3.2 Maces & Flails
 + Level 2.6 Throwing
 * Level 2.0 Armour
 - Level 2.6 Dodging
 * Level 2.6 Invocations
 * Level 1.8 Evocations


You had 4 spell levels left.
You didn't know any spells.
Your spell library was empty.

Dungeon Overview and Level Annotations

Branches:
Dungeon (4/15)
 Temple: D:4-7

Altars:
Okawaru


Innate Abilities, Weirdness & Mutations

You are too large for most types of armour.
You have tough skin. (AC +1)


Message History

The orc priest is severely wounded.
The orc priest casts a cantrip, but nothing happens.
You barely miss the orc priest.
The orc priest is severely wounded.
The orc priest hits you with a +0 falchion.
You hit the orc priest but do no damage.
The orc priest is severely wounded.
The orc wizard gestures wildly while chanting.
The orc wizard blinks!
The orc priest invokes the aid of Beogh against you.
Beogh smites you!
* * * LOW HITPOINT WARNING * * *
You barely miss the orc priest.
The orc priest is severely wounded.
The orc priest hits you but does no damage.
You hit the orc priest but do no damage.
The orc priest is severely wounded.
The orc priest invokes the aid of Beogh against you.
Beogh smites you!
You die...

#......#.#........#
#....#.#.#.########
#....#[..#.# #####....##..#.#
#.....).###..#.#
#...#...###..#.#
#..#.#...###o#.# #)#._.#..#
#o#.# #..#)#...###@#.#
#...#.)...##.#.#
#.........##.#.#
####......##.#.##############
##.....##'#...............
#.....#.........#########
#^....#.........#
#.....#.........#
#..........######


You could see an orc priest and an orc wizard (fast).

Vanquished Creatures
  2 orc wizards
  An orc priest (D:4)
  An iguana (D:4)
  A gnoll (D:1)
  2 adders (D:2)
  2 worms
  A dart slug (D:1)
  7 orcs
  A ball python (D:1)
  3 bats (D:2)
  A giant cockroach (D:2)
  3 goblins
  6 hobgoblins
  A quokka (D:4)
  4 frilled lizards
  2 kobolds
  2 rats
40 creatures vanquished.

Notes
Turn   | Place    | Note
-------+----------+-------------------------------------------
     0 | D:1      | Gadfly the Ogre Gladiator began the quest for the Orb.
     0 | D:1      | Reached XP level 1. HP: 22/22 MP: 1/1
   320 | D:1      | Reached XP level 2. HP: 28/29 MP: 2/2
   510 | D:1      | Reached skill level 1 in Invocations
  1063 | D:2      | Reached XP level 3. HP: 28/36 MP: 3/3
  1070 | D:2      | Reached skill level 1 in Armour
  1070 | D:2      | Reached skill level 1 in Evocations
  1215 | D:2      | Found an iron altar of Okawaru.
  1232 | D:2      | Became a worshipper of Warmaster Okawaru
  1492 | D:2      | Found a faded altar of an unknown god.
  1596 | D:2      | Reached XP level 4. HP: 44/44 MP: 5/5
  1829 | D:2      | Reached skill level 3 in Maces & Flails
  2138 | D:4      | Reached XP level 5. HP: 28/50 MP: 6/6
  2908 | D:2      | Killed from afar by an orc priest

Illustrated notes

Levels and vault maps discovered:
D:1:      lemuel_arrival_behind_the_door_small, layout_basic, minivault_5
D:2:      layout_basic, chequers_ecumenical_altar_simple_redux,
          okawaru_metal_pillars_3
D:3:      layout_basic
D:4:      layout_loops_ring, minmay_temple_entry_drinking_statues,
          uniq_blork_the_orc

Skill      XL: |  1  2  3  4  5 |
---------------+----------------+-----
Invocations    | 1 2 |  2.6
Armour         | 1 2 |  2.0
Evocations     | 1 |  1.8
Maces & Flails | 3 |  3.2
Fighting       | |  2.6
Throwing       | |  2.6
Dodging        | |  2.6

Action                   |  1- 3 |  4- 6 || total
-------------------------+-------+-------++-------
Melee: Flail             |    92 |    97 ||   189
Throw: Stone             |    15 |     5 ||    20
       Boomerang         |       |     7 ||     7
Evoke: Wand              |       |     1 ||     1
  Use: Scroll            |     8 |     3 ||    11
       Potion            |     1 |     1 ||     2
 Stab: Sleeping          |     1 |       ||     1
Armor: Robe              |    30 |    33 ||    63
Dodge: Dodged            |    63 |    55 ||   118
